 Dungeon Crawl Stone Soup version 0.16.2-3-ga078185 (webtiles) character file.

2039 Britaniac the Thaumaturge (level 9, -3/59 HPs)
             Began as a Demonspawn Conjurer on Sept 9, 2015.
             Was a Believer of Vehumet.
             Slain by a killer bee (4 damage)
             ... on level 8 of the Dungeon.
             The game lasted 00:39:58 (7942 turns).

Britaniac the Thaumaturge (Demonspawn Conjurer)     Turns: 7942, Time: 00:39:59

Health: -3/59      AC:  6    Str: 14    XL:     9   Next: 4%
Magic:  0/25       EV: 12    Int: 23    God:    Vehumet [**....]
Gold:   330        SH:  3    Dex: 10    Spells: 3 memorised, 17 levels left

rFire  + + .     SeeInvis +     y - +7 hammer of Battle {flame, MR+ Str+6 Dex-4}
rCold  x . .     Clarity  .     l - +0 robe
rNeg   . . .     SustAb   .     m - +0 buckler
rPois  .         Gourm    .     E - +1 helmet
rElec  .         Spirit   +     (no cloak)
rCorr  .         Warding  .     (no gloves)
rMut   .         Stasis   .     (no boots)
MR     +....                    r - amulet "Ymikhlozy" {rF+ Regen+ Int+3 SInv}
Stlth  +++.......               u - ring of fire
                                w - ring of stealth

@: lethally poisoned (-3 -> -21), somewhat resistant to hostile enchantments,
fairly stealthy
A: hooves 2, rugged brown scales 2, nightstalker 1, magic shield
a: Renounce Religion


You were on level 8 of the Dungeon.
You worshipped Vehumet.
Vehumet was pleased with you.
You were very hungry.

You visited 2 branches of the dungeon, and saw 9 of its levels.

You collected 330 gold pieces.

Inventory:

Hand weapons
 d - a +0 whip
 y - the +7 hammer of Battle (weapon) {flame, MR+ Str+6 Dex-4}
   (You took it off a kobold on level 4 of the Dungeon)

   It has been specially enchanted to burn those struck by it, causing extra
   injury to most foes and up to half again as much damage against particularly
   susceptible opponents.
   It affects your strength (+6).
   It affects your dexterity (-4).
   It affects your resistance to hostile enchantments.
Armour
 l - a +0 robe (worn)
 m - a +0 buckler (worn)
 E - a +1 helmet (worn)
Jewellery
 q - an uncursed ring of protection from cold
 r - the amulet "Ymikhlozy" (around neck) {rF+ Regen+ Int+3 SInv}
   (You found it on level 4 of the Dungeon)

   [amulet of regeneration]

   It affects your intelligence (+3).
   It protects you from fire.
   It enhances your eyesight.
   It increases your rate of regeneration.
 u - a ring of fire (right hand)
 w - a ring of stealth (left hand)
Magical devices
 p - a wand of fire (0)
Scrolls
 e - 4 scrolls of identify {unknown}
 h - 2 scrolls of enchant armour {unknown}
 k - 2 scrolls of magic mapping {unknown}
 o - a scroll of fog {unknown}
 z - a scroll of remove curse {unknown}
 B - a scroll of random uselessness {unknown}
Potions
 a - 2 potions of might {unknown}
 f - a potion of magic {unknown}
 i - a potion of ambrosia {unknown}
 n - 2 potions of berserk rage {unknown}
 s - 2 potions of agility
 t - a potion of mutation {unknown}
 v - 2 potions of curing {unknown}
 A - a potion of restore abilities {unknown}
Books
 c - a book of Conjurations

   Spells                             Type                      Level
   a - Magic Dart                     Conjuration                  1
   b - Searing Ray                    Conjuration                  2
   c - Dazzling Spray                 Conjuration/Hexes            3
   d - Fulminant Prism                Conjuration/Hexes            4
   e - Iskenderun's Mystic Blast      Conjuration                  4
   f - Iskenderun's Battlesphere      Conjuration/Charms           5
Comestibles
 b - 3 bread rations
 g - 2 royal jellies
 C - 2 meat rations


   Skills:
 + Level 3.7 Dodging
 - Level 1.7 Stealth
 * Level 8.8 Spellcasting
 + Level 7.5 Conjurations
 * Level 0.3 Charms


You had 17 spell levels left.
You knew the following spells:

 Your Spells              Type           Power        Failure   Level  Hunger
a - Magic Dart            Conj           ####         1%          1    None
b - Searing Ray           Conj           #####.       1%          2    None
c - Iskenderun's Battles  Conj/Chrm      ####....     65%         5    ####...


Dungeon Overview and Level Annotations

Branches:
Dungeon (8/15)             Temple (1/1) D:4
   Lair: D:8-11

Altars:
Ashenzari
Cheibriados
Dithmenos
Elyvilon
Gozag
Makhleb
Nemelex Xobeh
Okawaru
Ru
Sif Muna
Vehumet
Xom
Zin
The Shining One

Shops:
D:5 =

Annotations:
D:2 Ijyb, Terence
D:4 Menkaure


Innate Abilities, Weirdness & Mutations

You have hoof-like feet.
You are mostly covered in rugged brown scales (AC +2, +5% HP).
You are slightly more attuned to the shadows.
When hurt, damage is shared between your health and your magic reserves.


Message History

Zapping:
p - a wand of fire {zapped: 7} (will waste charges)
Press: ? - help, Shift-Dir - straight line, f - hound
Aim: a hound Nothing appears to happen.
* * * LOW HITPOINT WARNING * * *
You feel very sick. The killer bee barely misses you.
The killer bee stings you but does no damage.
The killer bee stings you.
* * * LOW HITPOINT WARNING * * *
The killer bee stings you!
* * * LOW HITPOINT WARNING * * *
The hound barely misses you.
Evoke which item? (* to show all) (? for menu, Esc to quit)
This wand has no charges.
You closely miss the killer bee.
* * * LOW HITPOINT WARNING * * *
You feel very sick. The killer bee closely misses you.
The killer bee stings you.
You die...

.## ....#
#.....####
.........
#.......#
#.....(.#
#....yh#
#..y@.#
##..###
###


You could see a hound and 2 killer bees.

Vanquished Creatures
  Prince Ribbit (D:4)
  A steam dragon (D:5)
  Edmund (D:5)
  A water moccasin (D:6)
  A black bear (D:7)
  2 ice beasts (D:5)
  An eye of draining (D:5)
  2 ogres
  2 centaurs
  Blork the orc (D:4)
  2 scorpions
  A killer bee (D:6)
  A jelly (D:7)
  A crimson imp (D:7)
  2 hounds
  An orc priest (D:6)
  5 orc wizards
  Natasha (thrice) (D:3)
  A worker ant (D:7)
  A hound zombie (D:5)
  8 adders
  A river rat (D:3)
  A worker ant zombie (D:7)
  A shadow imp (D:5)
  A giant mite (D:3)
  3 worms
  16 orcs
  15 bats
  2 bat skeletons
  6 giant cockroaches (D:3)
  8 goblins
  7 hobgoblins
  4 jackals (D:6)
  2 quokkas
  2 ball pythons
  A ball python skeleton (D:4)
  6 giant geckos
  A giant newt (D:5)
  A giant spore (D:7)
  12 kobolds
  A kobold zombie (D:5)
  14 rats
144 creatures vanquished.

Vanquished Creatures (others)
  A jelly (D:7)
  A fungus (D:4)
2 creatures vanquished.

Grand Total: 146 creatures vanquished

Notes
Turn   | Place    | Note
--------------------------------------------------------------
     0 | D:1      | Britaniac, the Demonspawn Conjurer, began the quest for the Orb.
     0 | D:1      | Reached XP level 1. HP: 13/13 MP: 3/3
   590 | D:1      | Gained mutation: You are partially covered in rugged brown scales (AC +1, +3% HP). [demonic ancestry]
   590 | D:1      | Reached XP level 2. HP: 13/19 MP: 1/5
  1074 | D:2      | Learned a level 2 spell: Searing Ray
  1229 | D:2      | Noticed Ijyb
  1469 | D:2      | Gained mutation: When hurt, damage is shared between your health and your magic reserves. [demonic ancestry]
  1469 | D:2      | Reached XP level 3. HP: 24/24 MP: 1/6
  1561 | D:2      | Noticed Terence
  2000 | D:3      | Noticed Natasha
  2008 | D:3      | Killed Natasha
  2008 | D:3      | Reached skill level 5 in Conjurations
  2008 | D:3      | Gained mutation: You have large cloven feet. [demonic ancestry]
  2008 | D:3      | Reached XP level 4. HP: 30/30 MP: 2/9
  2215 | D:3      | Noticed Natasha
  2220 | D:3      | Killed Natasha
  2598 | D:3      | Noticed Natasha
  2601 | D:3      | Killed Natasha
  2972 | D:3      | Gained mutation: You have hoof-like feet. [demonic ancestry]
  2972 | D:3      | Reached XP level 5. HP: 20/36 MP: 1/12
  3312 | D:4      | Got a scintillating graven amulet
  3313 | D:4      | Identified the amulet "Ymikhlozy" {rF+ Regen+ Int+3 SInv} (You found it on level 4 of the Dungeon)
  3469 | D:4      | Noticed Blork the orc
  3475 | D:5      | Entered Level 5 of the Dungeon
  3492 | D:5      | Noticed an ogre
  3535 | D:4      | Killed Blork the orc
  3809 | D:4      | Noticed Prince Ribbit
  3826 | D:4      | Killed Prince Ribbit
  3826 | D:4      | Reached skill level 5 in Spellcasting
  3826 | D:4      | Reached skill level 6 in Conjurations
  3826 | D:4      | Gained mutation: You are mostly covered in rugged brown scales (AC +2, +5% HP). [demonic ancestry]
  3826 | D:4      | Reached XP level 6. HP: 36/43 MP: 4/17
  4020 | D:4      | Found a staircase to the Ecumenical Temple.
  4026 | Temple   | Entered the Ecumenical Temple
  4146 | Temple   | Became a worshipper of Vehumet
  4209 | D:4      | Noticed Menkaure
  4437 | D:5      | Noticed an eye of draining
  4677 | D:4      | Got a translucent hammer {flame}
  4678 | D:4      | Identified the +7 hammer of Battle {flame, MR+ Str+6 Dex-4} (You took it off a kobold on level 4 of the Dungeon)
  4728 | D:4      | Gained mutation: You are slightly more attuned to the shadows. [demonic ancestry]
  4728 | D:4      | Reached XP level 7. HP: 48/48 MP: 15/19
  5046 | D:5      | Found Fraucin's Jewellery Shop.
  5072 | D:5      | Killed an ogre
  5427 | D:5      | Noticed Edmund
  5459 | D:5      | Killed Edmund
  5485 | D:5      | Killed an eye of draining
  5662 | D:5      | Reached skill level 7 in Spellcasting
  5662 | D:5      | Reached XP level 8. HP: 54/54 MP: 23/23
  5844 | D:5      | Acquired Vehumet's first power
  5844 | D:5      | Offered knowledge of Freeze by Vehumet.
  5883 | D:5      | Noticed an ice beast
  5886 | D:5      | Killed an ice beast
  6796 | D:6      | Reached skill level 8 in Spellcasting
  7786 | D:7      | Reached XP level 9. HP: 59/59 MP: 21/25
  7790 | D:7      | Offered knowledge of Sandblast by Vehumet.
  7807 | D:7      | Learned a level 5 spell: Iskenderun's Battlesphere
  7942 | D:8      | HP: 1/59 [poisoned by a killer bee]
  7942 | D:8      | Slain by a killer bee

Action                   |  1- 3 |  4- 6 |  7- 9 || total
-------------------------+-------+-------+-------++-------
Melee: Unarmed           |     6 |       |       ||     6
       Whip              |    17 |     3 |       ||    20
       Hammer            |       |       |     9 ||     9
 Cast: Magic Dart        |    88 |   117 |   271 ||   476
       Searing Ray       |       |     1 |       ||     1
Evoke: Wand              |       |       |     3 ||     3
  Use: Potion            |       |       |     2 ||     2
  Eat: Chunk             |     3 |     6 |     8 ||    17
       Bread ration      |       |     1 |       ||     1
       Beef jerky        |       |     1 |       ||     1
